 Dungeon Sprint DCSS version 0.25.1-4-g9407a263a5 (webtiles) character file.

Game seed: 10468103098418562060

0 Atelerd the Shield-Bearer (level 1, -6/16 HPs)
             Began as an Octopode Fighter on Nov 26, 2020.
             Was an Initiate of Makhleb.
             Killed from afar by a deep elf mage (22 damage)
             ... with a bolt of magma
             ... in the Dungeon (Sprint V: "Ziggurat Sprint").
             The game lasted 00:00:31 (68 turns).

Atelerd the Shield-Bearer (Octopode Fighter)          Turns: 68, Time: 00:00:32

Health: -6/16      AC:  1    Str: 27    XL:     1   Next: 0%
Magic:  1/1        EV:  8    Int: 10    God:    Makhleb [......]
Gold:   0          SH: 29    Dex: 23    Spells: 0/0 levels left

rFire    . . .     SeeInvis +   G - +14 obsidian axe {vorpal, +Fly SInv *Curse} (curse)
rCold    . . .     Gourm    .   H - +18 shield of the Gong {rElec rN+ MR+ EV-5}
rNeg     + . .     Faith    .   (helmet restricted)
rPois    .         Spirit   .   (no amulet)
rElec    +         Reflect  .   x - +6 ring of dexterity
rCorr    .         Harm     .   y - +6 ring of dexterity
MR       +....     NoTele   +   B - +6 ring of strength
Stlth    +++.......             C - +6 ring of strength
HPRegen  0.05/turn              (no ring)
MPRegen  0.07/turn              (no ring)
                                (no ring)
                                (no ring)

@: mesmerised
A: almost no armour, stealthy swim, amphibious, 8 rings, constrict 8, camouflage
1, gelatinous body 1
a: Renounce Religion, Evoke Flight


You were in the Dungeon.
You worshipped Makhleb.
Makhleb was noncommittal.
You were not hungry.

You visited 1 branch

Inventory:

Hand Weapons
 a - a +0 war axe
 G - the cursed +14 obsidian axe (weapon) {vorpal, +Fly SInv *Curse}
   (You found it in the Dungeon)

   It inflicts extra damage upon your enemies.
   It lets you see invisible.
   It lets you fly.
   It curses itself when equipped.
   It has a curse placed upon it.
Armour
 b - a +0 kite shield
 H - the +18 shield of the Gong (worn) {rElec rN+ MR+ EV-5}
   (You found it in the Dungeon)

   It affects your evasion (-5).
   It insulates you from electricity.
   It protects you from negative energy.
   It affects your resistance to hostile enchantments.
Jewellery
 w - an uncursed ring of flight
 x - a +6 ring of dexterity (left tentacle)
 y - a +6 ring of dexterity (right tentacle)
 z - a +6 ring of intelligence
 A - a +6 ring of intelligence
 B - a +6 ring of strength (on tentacle)
 C - a +6 ring of strength (on tentacle)
Wands
 D - a wand of disintegration (7)
 E - a wand of iceblast (7)
 F - a wand of acid (7)
Scrolls
 j - 4 scrolls of blinking
 p - 4 scrolls of amnesia
 q - 7 scrolls of fog
 r - a scroll of holy word
 s - 5 scrolls of identify
 t - 5 scrolls of remove curse
 u - 2 scrolls of fear
Potions
 c - 6 potions of might
 e - 10 potions of curing
 f - 10 potions of heal wounds
 g - 6 potions of haste
 h - 7 potions of magic
 i - 3 potions of berserk rage
 k - 2 potions of brilliance
 l - 2 potions of invisibility
 m - 4 potions of resistance
 n - a potion of experience
 o - 5 potions of stabbing
Miscellaneous
 v - a lightning rod (4/4)
Comestibles
 d - 7 rations


   Skills:
 + Level 3.0 Fighting
 + Level 2.0 Axes
 + Level 3.0 Dodging
 + Level 3.0 Shields
 + Level 0.0 Spellcasting


You couldn't memorise any spells.
You didn't know any spells.
Your spell library was empty.

Dungeon Overview and Level Annotations

Branches:
Dungeon (1/1)

Altars:
Ashenzari
Cheibriados
Dithmenos
Elyvilon
Fedhas
Gozag
Hepliaklqana
Kikubaaqudgha
Makhleb
Nemelex Xobeh
Okawaru
Qazlal
Ru
Sif Muna
Trog
Uskayaw
Vehumet
Wu Jian
Xom
Yredelemnul
Zin
The Shining One
Beogh
Jiyva
Lugonu

Annotations:
D 1 transporter


Innate Abilities, Weirdness & Mutations

You cannot wear most types of armour.
You are very stealthy in the water. (Stealth+)
You are amphibious.
You can wear up to eight rings at the same time.
You can use your tentacles to constrict eight enemies at once.
Your skin changes colour to match your surroundings (Stealth+).
Your rubbery body absorbs attacks. (AC +1, EV +1)


Message History

You curl up in front of the altar of Makhleb.
Makhleb welcomes you!
Items here: ))))))))))
Items here: ))) [ the +6 Majin-Bo {vamp, Archmagi MP+6 Int+6} the +9 heavy crossbow "Sniper" {vorpal, Acc+∞ SInv} the +10 dark maul {vorpal} the +15 Maxwell's patent armour {-Cast -Tele rElec MR+ rCorr}
There is a transporter here.
Welcome to arena 1.
You enter the transporter and appear at another place.
A fire elemental and a deep elf mage come into view.
Visions of slaying the fire elemental flood into your mind.
Found two items.
Found a transporter.
Unknown command.
Unknown command.
The deep elf mage gestures at you while chanting.
The bolt of magma hits you!!
Ouch! That really hurt!
You die...

▓▓▓▓▓▓▓
▓.8©8.▓
▓.....▓
▓.E.e.▓
▓..@..▓
▓.....▓
▓..©..▓
▓▓▓▓▓▓▓


You could see a deep elf mage and a fire elemental (mesmerising, dormant).

Vanquished Creatures (others)
  A spatial maelstrom (D)
1 creature vanquished.

Notes
Turn   | Place    | Note
-------+----------+-------------------------------------------
     0 | D        | Atelerd the Octopode Fighter began the quest for the Orb.
     0 | D        | Reached XP level 1. HP: 16/16 MP: 1/1
     0 | D        | Found a shimmering blue altar of Sif Muna.
     0 | D        | Found a bloodstained altar of Trog.
     0 | D        | Found a sacrificial altar of Ru.
     0 | D        | Found a stormy altar of Qazlal.
     0 | D        | Found an iron altar of Okawaru.
     1 | D        | Found a sparkling altar of Nemelex Xobeh.
     1 | D        | Found a blossoming altar of Fedhas.
     2 | D        | Found the +6 Majin-Bo {vamp, Archmagi MP+6 Int+6}
     2 | D        | Found the +7 great mace "Firestarter" {inner flame, rF++}
     2 | D        | Banished a spatial maelstrom
     3 | D        | Found a transporter.
     3 | D        | Found an ancient bone altar of Kikubaaqudgha.
     3 | D        | Found a viscous altar of Jiyva.
     3 | D        | Found a corrupted altar of Lugonu.
     3 | D        | Found a hazy altar of Hepliaklqana.
     3 | D        | Found a burning altar of Makhleb.
     3 | D        | Found an opulent altar of Gozag.
    26 | D        | Found the +9 heavy crossbow "Sniper" {vorpal, Acc+∞ SInv}
    26 | D        | Found the +10 dark maul {vorpal}
    26 | D        | Found the +15 Maxwell's patent armour {-Cast -Tele rElec
                  | MR+ rCorr}
    26 | D        | Found the +18 shield of the Gong {rElec rN+ MR+ EV-5}
    26 | D        | Found the cursed +14 obsidian axe {vorpal, +Fly SInv
                  | *Curse}
    43 | D        | Found the +6 shillelagh "Devastator" {shatter}
    43 | D        | Found the +11 plutonium sword {*Contam Stlth-}
    43 | D        | Found the +8 lance "Wyrmbane" {slay drac, rPois rF+ rC+
                  | AC+3}
    43 | D        | Found the +9 sword of Zonguldrok {reap}
    43 | D        | Found the cursed +13 scythe of Curses {drain, *Curse}
    43 | D        | Found the +0 sword of Power
    43 | D        | Found the +7 mace of Variability {chain chaos}
    43 | D        | Found the +7 Singing Sword {vorpal, sonic wave}
    43 | D        | Found the +8 storm bow {elec, penet}
    58 | D        | Became a worshipper of Makhleb the Destroyer
    66 | D        | Entered arena 2.
    66 | D        | Noticed a fire elemental
    66 | D        | Noticed a deep elf mage
    66 | D        | Found a transporter.
    68 | D        | Killed from afar by a deep elf mage

Illustrated notes

Levels and vault maps discovered:
D:        sprint_v [room_start, room_1, room_2, room_3, room_4, room_5, room_6,
          room_7, room_8, room_9, room_10, room_11, room_12, room_13, room_14,
          room_15, room_16, room_17, room_18, room_19, room_20, room_21,
          room_22, room_23, room_24, room_25, room_26, room_27]
